 Dungeon Crawl Stone Soup version 0.30-a0-639-g3916f1956a (webtiles) character file.

Game seed: 2867933099387124020

690 Persephone the Skirmisher (level 7, -1/56 HPs)
             Began as a Minotaur Hunter on Jan 16, 2023.
             Slain by an orc warrior
             ... wielding a +0 hand axe
              (11 damage)
             ... on level 5 of the Dungeon.
             The game lasted 00:06:29 (3925 turns).

Persephone the Skirmisher (Minotaur Hunter)         Turns: 3925, Time: 00:06:30

Health: -1/56      AC: -1    Str: 16    XL:     7   Next: 36%
Magic:  6/6        EV: 12    Int:  6    God:
Gold:   169        SH:  0    Dex: 15    Spells: 6/6 levels left

rFire   . . .      SeeInvis .    a - +0 shortbow
rCold   . . .      Faith    .    (shield currently unavailable)
rNeg    . . .      Spirit   .    c - +0 leather armour
rPois   .          Reflect  .    (helmet restricted)
rElec   .          Harm     .    (no cloak)
rCorr   .          Rampage  .    (no gloves)
Will    .....                    (no boots)
Stlth   ++                       (no amulet)
HPRegen 0.29/turn                (no ring)
MPRegen 0.10/turn                (no ring)

@: corroded
A: horns 2, retaliatory headbutt
a: no special abilities


You were on level 5 of the Dungeon.
You visited 1 branch of the dungeon, and saw 5 of its levels.

You collected 169 gold pieces.

Inventory:

Hand Weapons
 a - a +0 shortbow (weapon)
Missiles
 h - a throwing net
Armour
 c - a +0 leather armour (worn)
Wands
 m - a wand of iceblast (1)
Scrolls
 b - a scroll of immolation
 d - a scroll of teleportation
 j - 3 scrolls of identify
 k - a scroll of amnesia
Potions
 e - a potion of might
 f - a potion of magic
 g - a potion of haste
 i - a potion of brilliance
 n - a potion of attraction


   Skills:
 - Level 2.8 Fighting
 + Level 9.7 Ranged Weapons
 - Level 2.5 Dodging
 - Level 1.2 Stealth


You had 6 spell levels left.
You didn't know any spells.
Your spell library was empty.

Dungeon Overview and Level Annotations

Branches:
Dungeon (5/15)
 Temple: D:4-7

Altars:


Innate Abilities, Weirdness & Mutations

You have a pair of horns on your head.
You reflexively headbutt those who attack you in melee.


Message History

The gnoll closely misses you.
You shoot an arrow. The arrow hits the gnoll!
You kill the gnoll!
No target in view!
You see here a +0 club.
HP restored.
There is a stone staircase leading down, spattered with blood here.
You climb downwards.
The orc shouts!
The jelly quivers.
There is a stone staircase leading up here.
You shoot an arrow. The orc shouts!
The arrow hits the jelly.
The jelly is lightly wounded.
The orc hits you but does no damage. The jelly hits you but does no damage.
You shoot an arrow. The arrow barely misses the jelly.
The orc misses you. You furiously retaliate!
You headbutt the orc!
You kill the orc!
The jelly hits you. The acid corrodes you!
You are splashed with acid!
You shoot an arrow. The arrow hits the jelly.
The jelly is lightly wounded.
The orc closely misses you.
The orc warrior hits you with a +0 hand axe!
The jelly barely misses you. You furiously retaliate!
You headbutt the jelly, but do no damage.
The orc hits you with a +0 short sword.
The orc warrior hits you with a +0 hand axe!
The jelly hits you.
You are splashed with acid!
* * * LOW HITPOINT WARNING * * *
You are too injured to fight recklessly!
You are too injured to fight recklessly!
You are too injured to fight recklessly!
Fire: a) +0 shortbow
Press: ? - help, Shift-Dir - straight line, f/p - jelly
Aim: a jelly (lightly wounded, 90% to hit)
You shoot an arrow. The arrow hits the jelly!
The jelly is severely wounded.
The orc warrior hits you with a +0 hand axe!
You die...

# .# #. .#
.## .## ## #
..##..#...
.#.#
.........
.o..
#.J......
#o.#@)...##.
#.oo.....#
###.#...##
.....#
##..## ..#
##


You could see an orc warrior, a jelly and an orc.

Vanquished Creatures
  Menkaure (D:4)
  2 phantoms
  A necrophage (D:4)
  2 hounds (D:4)
  A gnoll bouda (D:4)
  Jessica (D:2)
  Ijyb (D:3)
  9 gnolls
  7 adders
  An ufetubus (D:4)
  A worm (D:4)
  A dart slug (D:1)
  6 orcs
  4 endoplasms
  2 giant cockroaches
  7 goblins
  8 hobgoblins
  2 quokkas (D:2)
  9 ball pythons
  6 bats
  3 frilled lizards
  2 kobolds (D:4)
  8 rats
85 creatures vanquished.

Notes
Turn   | Place    | Note
-------+----------+-------------------------------------------
     0 | D:1      | Persephone the Minotaur Hunter began the quest for the Orb.
     0 | D:1      | Reached XP level 1. HP: 18/18 MP: 0/0
   103 | D:1      | Reached skill level 1 in Stealth
   148 | D:1      | Reached XP level 2. HP: 25/25 MP: 1/1
   738 | D:2      | Reached skill level 5 in Ranged Weapons
   744 | D:2      | Reached XP level 3. HP: 30/30 MP: 2/2
   805 | D:2      | Reached XP level 4. HP: 9/37 MP: 3/3
   937 | D:2      | Noticed Jessica
   941 | D:2      | Killed Jessica
   942 | D:2      | Reached skill level 6 in Ranged Weapons
  1094 | D:2      | Found a faded altar of an unknown god.
  1743 | D:3      | Reached XP level 5. HP: 41/44 MP: 4/4
  1931 | D:3      | Noticed Ijyb
  1949 | D:3      | Killed Ijyb
  2149 | D:3      | Noticed a phantom
  2159 | D:3      | Killed a phantom
  2160 | D:3      | Reached skill level 7 in Ranged Weapons
  2450 | D:4      | Reached XP level 6. HP: 50/50 MP: 5/5
  2648 | D:4      | Reached skill level 8 in Ranged Weapons
  2886 | D:4      | Noticed Menkaure
  2933 | D:4      | HP: 1/50 [Menkaure/nerve-wracking pain (2)]
  2935 | D:4      | Killed Menkaure
  3335 | D:4      | Reached skill level 9 in Ranged Weapons
  3335 | D:4      | Reached XP level 7. HP: 40/56 MP: 6/6
  3734 | D:5      | Entered Level 5 of the Dungeon
  3925 | D:5      | Slain by an orc warrior

Illustrated notes

Levels and vault maps discovered:
D:1:      zelgadis_glass_arrival_small, layout_loops_cross
D:2:      layout_loops_cross, shapermc_ecumenical_altar_totnotflames,
          uniq_jessica
D:3:      layout_basic, serial_curves, eino_curves_01, eino_curves_03, uniq_ijyb
D:4:      layout_layer_cave, uniq_menkaure
D:5:      layout_cave_pools, hangedman_decor_peaks_small, nicolae_eternal_life,
          uniq_eustachio

Skill      XL: |  1  2  3  4  5  6 |
---------------+-------------------+-----
Stealth        | 1 |  1.2
Ranged Weapons | 5 6 7 9 |  9.7
Fighting       | |  2.8
Dodging        | |  2.5

Action                   |  1- 3 |  4- 6 |  7- 9 || total
-------------------------+-------+-------+-------++-------
 Fire: Shortbow          |    85 |   180 |    28 ||   293
  Use: Scroll            |       |     9 |     4 ||    13
       Potion            |       |     2 |       ||     2
Armor: Leather armour    |     2 |    13 |     6 ||    21
Dodge: Dodged            |    22 |    71 |    20 ||   113

Table legend: (Time is in decaauts)
 A = Elapsed time spent in this place.
 B = Non-inter-level travel time spent in this place.
 C = Inter-level travel time spent in this place.
 D = Time resting spent in this place.
 E = Time spent auto-exploring this place.
 F = Levels seen in this place.
 G = Mean time per level.
                   A        B        C        D        E       F      G
               +--------+--------+--------+--------+--------+-----+--------+
         Total |   3980 |   3654 |    326 |      0 |   3074 |   5 |  796.0 |
       Dungeon |   3980 |   3654 |    326 |      0 |   3074 |   5 |  796.0 |
               +--------+--------+--------+--------+--------+-----+--------+

Top non-repeatable levels by time:
     D:4: 1602 daAuts
     D:3: 866 daAuts
     D:2: 797 daAuts
     D:1: 696 daAuts
     D:5: 17 daAuts
